 Dungeon Crawl Stone Soup version 0.26-a0-547-g695e311587 (webtiles) character file.

Game seed: 9685810121638960048

64996 Aksej the Severer (level 14, -12/133 HPs)
             Began as a Minotaur Gladiator on Aug 20, 2020.
             Was the Champion of Wu Jian.
             Mangled by a thrashing horror (14 damage)
             ... on level 3 of the Abyss.
             The game lasted 00:46:30 (16230 turns).

Aksej the Severer (Minotaur Gladiator)             Turns: 16230, Time: 00:46:30

Health: -12/133    AC: 20    Str: 22    XL:     14   Next: 73%
Magic:  14/14      EV: 14    Int:  5    God:    Wu Jian [******]
Gold:   1104       SH: 10    Dex: 20    Spells: 14/15 levels left

rFire    + + +     SeeInvis +   e - +0 war axe "Wuideweh" {venom, Str+2 Dex+4} (curse)
rCold    + . .     Faith    .   z - +3 warlock's mirror {reflect}
rNeg     . . .     Spirit   .   E - +2 fire dragon scales
rPois    +         Reflect  +   c - +2 hat
rElec    +         Harm     .   B - +0 cloak
rCorr    +                      A - +2 pair of gloves
MR       +....                  (no boots)
Stlth    ..........             p - amulet of the acrobat
HPRegen  0.32/turn              w - ring of protection from cold
MPRegen  0.14/turn              C - ring of see invisible

@: resistant
A: retaliatory headbutt, horns 2
a: Wall Jump, Serpent's Lash, Heavenly Storm, Renounce Religion


You were on level 3 of the Abyss.
You worshipped Wu Jian.
Wu Jian was exalted by your worship.
You visited 1 branch of the dungeon, and saw 14 of its levels.
You visited the Abyss 1 time.
You also visited: Bailey.

You collected 1299 gold pieces.
You spent 195 gold pieces at shops.

Inventory:

Hand Weapons
 a - a +2 vorpal war axe
 b - the +10 whip of Fatigue {elec, Str+3 SInv}
   (You found it on level 12 of the Dungeon)

   Occasionally, upon striking a foe, it will discharge some electrical energy
   and cause terrible harm.
   It affects your strength (+3).
   It lets you see invisible.
 e - the cursed +0 war axe "Wuideweh" (weapon) {venom, Str+2 Dex+4}
   (You bought it in a shop on level 13 of the Dungeon)

   It poisons the flesh of those it strikes.
   It affects your strength (+2).
   It affects your dexterity (+4).
   It has a curse placed upon it.
 n - the +9 staff of Wucad Mu {channel}
   (You found it in a bailey)
 G - a +2 scimitar of flaming
Missiles
 i - 21 boomerangs (quivered)
Armour
 c - a +2 hat (worn)
 z - the +3 warlock's mirror (worn) {reflect}
   (You acquired it on level 8 of the Dungeon)
 A - a +2 pair of gloves (worn)
 B - a +0 cloak (worn)
 E - +2 fire dragon scales (worn)
Jewellery
 f - an uncursed ring of resist corrosion
 p - an amulet of the acrobat (around neck)
 q - the cursed necklace of Bloodlust {*Rage +Rage MR++ Int-3 Slay+6 *Curse}
   (You took it off a centaur on level 5 of the Dungeon)

   [amulet of nothing]

   It affects your intelligence (-3).
   It affects your accuracy and damage with ranged weapons and melee attacks
   (+6).
   It affects your resistance to hostile enchantments.
   It lets you go berserk.
   It may make you go berserk in combat.
   It curses itself when equipped.
   It has a curse placed upon it.
 w - a ring of protection from cold (left hand)
 y - an uncursed ring of magical power
 C - a ring of see invisible (right hand)
Wands
 s - a wand of iceblast (6)
 t - a wand of polymorph (24)
 u - a wand of digging (3)
Scrolls
 g - 4 scrolls of fog
 h - 8 scrolls of teleportation
 l - 3 scrolls of remove curse
 m - 3 scrolls of magic mapping
 v - 2 scrolls of blinking
 D - a scroll of identify
Potions
 d - a potion of resistance
 j - 3 potions of ambrosia
 k - 4 potions of curing
 o - 4 potions of haste
 r - 3 potions of flight
 x - a potion of cancellation


   Skills:
 * Level 14.4 Fighting
 * Level 18.3(18.5) Axes
 + Level 5.4(13.3) Maces & Flails
 + Level 3.8 Throwing
 + Level 10.6 Armour
 + Level 6.1 Dodging
 + Level 8.3 Shields
 + Level 3.3 Unarmed Combat
 + Level 1.1 Spellcasting
 + Level 1.2 Necromancy
 + Level 1.5 Evocations


You had 14 spell levels left.
You knew the following spells:

 Your Spells              Type           Power        Failure   Level
a - Animate Skeleton      Necr           #.....       58%         1

Your spell library contained the following spells:

 Spells                   Type           Power        Failure   Level
 Apportation              Tloc           #.....       77%         1
 Corona                   Hex            #......      77%         1
 Magic Dart               Conj           #...         77%         1
 Summon Small Mammal      Summ           #...         77%         1
 Blink                    Tloc           N/A          88%         2
 Call Imp                 Summ           #.......     88%         2
 Slow                     Hex            #.......     88%         2
 Conjure Flame            Conj/Fire      #.......     98%         3
 Mephitic Cloud           Conj/Pois/Air  #.......     98%         3


Dungeon Overview and Level Annotations

Branches:
Dungeon (14/15)            Temple (0/1) D:7            Lair (0/6) D:8
    Orc (0/2) D:10         Bailey (visited)
 Vaults: D:13-14

Altars:
Ashenzari
Elyvilon
Hepliaklqana
Kikubaaqudgha
Qazlal
Ru
Trog
Uskayaw
Vehumet
Wu Jian
Xom
Yredelemnul
Zin
Beogh

Shops:
D:7 }   D:13 (   D:14 (

Annotations:
D:4 3 runed translucent doors, hemabe71's ghost, novice HuAr
D:14 Louise


Innate Abilities, Weirdness & Mutations

You reflexively headbutt those who attack you in melee.
You have a pair of horns on your head.


Message History

The raiju completely misses you. The thrashing horror tramples you.
* * * LOW HITPOINT WARNING * * *
You hold your ground!
The thrashing horror completely misses you.
You hear a shout!
The thrashing horror tramples you.
* * * LOW HITPOINT WARNING * * *
You stumble backwards!
The raiju is engulfed in a cloud of scalding steam.
You block the thrashing horror's attack.
The thrashing horror completely misses you.
You block the thrashing horror's attack.
The thrashing horror tramples you but does no damage.
The thrashing horror closely misses you.
The thrashing horror misses you. The thrashing horror tramples you!
* * * LOW HITPOINT WARNING * * *
You hold your ground!
The thrashing horror barely misses you.
You feel protected. The thrashing horror tramples you!
You die...

##.#. .# ##.#...2 ≈23
##.....##.....#..8§h≈h
...... ..#A#..m.○m2.≈
X. ##...#.A3##≈≈≈8 ##
.#.#..##.## . #....
..#.h## #......##...#
##....##..#X#
#.#.#.####@#. ## .#. #
##.##.. ##..### ..# ##
#.#. # ...# #.#..#
###.. ###....#.# #..
###. .#.#### ### ....
. # ### #.#.#. .#.#..
##.#


You could see a thrashing horror (strong).

Vanquished Creatures
  Rupert (D:14)
  An orc warlord (Bailey)
  A rakshasa (D:13)
  A catoblepas (D:13)
  2 centaur warriors (D:13)
  8 two-headed ogres
  2 unseen horrors
  2 ugly things
  A necromancer (D:13)
  A deep elf mage (D:9)
  2 orc knights
  5 manticores
  A cyclops (D:11)
  2 centaur zombies
  2 centaur skeletons (D:13)
  A gargoyle (D:13)
  A large abomination (Abyss:3)
  A yaktaur (D:8)
  An efreet (D:14)
  5 trolls
  A merfolk (shapeshifter) (D:13)
  2 hornets
  A wind drake (shapeshifter) (D:14)
  A hornet (shapeshifter) (D:13)
  5 hippogriffs
  4 slime creatures (D:12)
  A wyvern (D:10)
  11 yaks
  A vampire (D:9)
  2 basilisks
  A ynoxinul (Abyss:3)
  A small abomination (Abyss:3)
  Edmund (D:4)
  3 soldier ants (D:13)
  2 water moccasins
  3 porcupines (D:8)
  5 hell hounds (Abyss:3)
  23 orc warriors
  A black bear (D:10)
  An eye of draining (D:11)
  3 ice beasts
  5 sky beasts
  2 phantoms (D:8)
  8 centaurs
  6 ogres
  3 crocodiles (D:8)
  2 big kobolds
  4 bullfrogs
  A gnoll sergeant (D:6)
  2 wyvern zombies
  6 scorpions
  13 wights
  13 killer bees
  2 howler monkeys
  3 vampire bats (D:3)
  2 quasits
  2 bullfrog zombies
  7 hounds
  4 jellies
  2 bullfrog skeletons (D:11)
  14 orc wizards
  12 orc priests
  An iguana (D:12)
  5 worker ants
  A yak simulacrum (D:13)
  5 polar bear simulacra (D:13)
  2 wolf simulacra (D:13)
  2 hound skeletons
  Robin (D:3)
  22 gnolls
  A howler monkey skeleton (D:5)
  10 adders
  4 shadow imps
  3 white imps (D:8)
  3 ufetubi
  5 oozes
  2 adder skeletons
  3 worms (D:3)
  A dart slug (D:1)
  6 leopard geckos
  73 orcs
  4 bat skeletons (D:3)
  2 bat zombies (D:3)
  5 giant cockroaches
  39 goblins
  21 hobgoblins
  11 jackals
  4 quokkas
  10 bats
  3 frilled lizards
  A jackal skeleton (D:5)
  17 kobolds
  A quokka skeleton (D:4)
  5 rats
  3 river rat simulacra (D:13)
  A spectral orc (D:3)
504 creatures vanquished.

Vanquished Creatures (others)
  6 bushes (D:8)
  3 fungi (D:8)
  26 plants (D:8)
35 creatures vanquished.

Grand Total: 539 creatures vanquished

Notes
Turn   | Place    | Note
-------+----------+-------------------------------------------
     0 | D:1      | Aksej the Minotaur Gladiator began the quest for the Orb.
     0 | D:1      | Reached XP level 1. HP: 18/18 MP: 0/0
   130 | D:1      | Reached XP level 2. HP: 25/25 MP: 1/1
   185 | D:1      | Reached skill level 4 in Axes
   253 | D:1      | Reached XP level 3. HP: 29/30 MP: 2/2
   300 | D:1      | Reached skill level 1 in Armour
  1069 | D:3      | Reached skill level 5 in Axes
  1069 | D:3      | Reached XP level 4. HP: 37/37 MP: 3/3
  1078 | D:3      | You fall into a shaft and drop 2 floors!
  1078 | D:5      | Entered Level 5 of the Dungeon
  1078 | D:5      | Found a white marble altar of Elyvilon.
  1178 | D:5      | Learned a level 1 spell: Animate Skeleton
  1355 | D:5      | Noticed an ogre
  1363 | D:5      | Killed an ogre
  1363 | D:5      | Reached skill level 6 in Axes
  1363 | D:5      | Reached XP level 5. HP: 45/45 MP: 4/4
  1372 | D:4      | Noticed Edmund
  1389 | D:4      | Killed Edmund
  1389 | D:4      | Reached skill level 7 in Axes
  1389 | D:4      | Reached XP level 6. HP: 3/52 MP: 5/5
  2342 | D:3      | Noticed Robin
  2355 | D:3      | Reached XP level 7. HP: 52/59 MP: 6/6
  2364 | D:3      | Killed Robin
  2537 | D:3      | Found an ancient bone altar of Kikubaaqudgha.
  2546 | D:3      | Reached skill level 8 in Axes
  2646 | D:3      | Found an ornate altar of the Wu Jian Council.
  2650 | D:3      | Became a worshipper of the Wu Jian Council
  2659 | D:3      | Found a radiant altar of Vehumet.
  2886 | D:3      | Found a basalt altar of Yredelemnul.
  3024 | D:4      | Found a bloodstained altar of Trog.
  3128 | D:4      | Found a shimmering altar of Xom.
  3139 | D:4      | Found a bloodstained altar of Trog.
  3272 | D:4      | Found a runed translucent gate.
  3272 | D:4      | Found a runed translucent gate.
  3273 | D:4      | Found a runed translucent gate.
  3275 | D:4      | Noticed hemabe71's ghost (novice HuAr)
  3419 | D:5      | Reached skill level 9 in Axes
  4129 | D:5      | Found a stormy altar of Qazlal.
  4330 | D:6      | Reached * piety under Wu Jian
  4330 | D:6      | Reached skill level 5 in Fighting
  4330 | D:6      | Reached XP level 8. HP: 68/68 MP: 7/7
  4389 | D:6      | Found a glowing silver altar of Zin.
  4439 | D:6      | Reached skill level 10 in Axes
  5140 | D:6      | Found a shattered altar of Ashenzari.
  5197 | D:6      | Reached skill level 11 in Axes
  5423 | D:7      | Found the +3 giant club "Skullcrusher" {speed, Str+7}
  5442 | D:7      | Reached skill level 5 in Armour
  5451 | D:7      | Reached XP level 9. HP: 56/78 MP: 8/8
  5732 | D:7      | Reached ** piety under Wu Jian
  5759 | D:7      | Reached skill level 12 in Axes
  5831 | D:7      | Found Sonn's Gadget Emporium.
  6002 | D:7      | Found a staircase to the Ecumenical Temple.
  6465 | D:8      | Noticed a two-headed ogre
  6474 | D:8      | Killed a two-headed ogre
  6474 | D:8      | Reached skill level 13 in Axes
  6720 | D:8      | Identified a scroll of acquirement
  6720 | D:8      | Acquired the +3 warlock's mirror {reflect}
  6721 | D:8      | Found the +3 warlock's mirror {reflect}
  6792 | D:8      | Noticed a manticore
  6796 | D:8      | Killed a manticore
  7047 | D:8      | Noticed a red ugly thing
  7055 | D:8      | Killed a red ugly thing
  7055 | D:8      | Reached XP level 10. HP: 89/89 MP: 9/9
  7249 | D:8      | Reached skill level 14 in Axes
  7467 | D:8      | Reached *** piety under Wu Jian
  7602 | D:8      | Found a staircase to the Lair.
  7604 | D:8      | Reached skill level 1 in Shields
  7952 | D:8      | Found a sacrificial altar of Ru.
  8025 | D:8      | Noticed a two-headed ogre
  8028 | D:8      | Killed a two-headed ogre
  8080 | D:8      | Reached skill level 15 in Axes
  8651 | D:9      | Noticed a two-headed ogre
  8658 | D:9      | Killed a two-headed ogre
  8658 | D:9      | Reached XP level 11. HP: 91/99 MP: 10/10
  8699 | D:9      | Found a white marble altar of Elyvilon.
  8732 | D:9      | Reached skill level 10 in Fighting
  8860 | D:9      | Found a hazy altar of Hepliaklqana.
  9022 | D:9      | Noticed a deep elf mage
  9025 | D:9      | Killed a deep elf mage
  9270 | D:10     | Entered Level 10 of the Dungeon
  9285 | D:10     | Reached **** piety under Wu Jian
  9301 | D:10     | Killed an unseen horror
  9613 | D:10     | Found a staircase to the Orcish Mines.
  9728 | D:10     | Found a hide-covered altar of Uskayaw.
 10066 | D:10     | Reached skill level 16 in Axes
 10584 | D:11     | Found a flagged portal.
 10592 | Bailey   | Entered a bailey
 10708 | Bailey   | Reached ***** piety under Wu Jian
 10887 | Bailey   | Noticed an orc warlord
 10887 | Bailey   | Noticed an orc knight
 10901 | Bailey   | Killed an orc knight
 10915 | Bailey   | Killed an orc warlord
 11191 | Bailey   | Found the +9 staff of Wucad Mu {channel}
 11311 | D:11     | Noticed a two-headed ogre
 11318 | D:11     | Reached skill level 1 in Unarmed Combat
 11318 | D:11     | Reached skill level 1 in Spellcasting
 11318 | D:11     | Reached skill level 1 in Necromancy
 11318 | D:11     | Reached skill level 1 in Evocations
 11318 | D:11     | Reached XP level 12. HP: 57/112 MP: 10/12
 11325 | D:11     | Killed a two-headed ogre
 11325 | D:11     | Reached skill level 5 in Shields
 11366 | D:11     | Noticed a two-headed ogre
 11376 | D:11     | Killed a two-headed ogre
 11864 | D:11     | Reached XP level 13. HP: 117/118 MP: 0/13
 11869 | D:11     | Reached skill level 17 in Axes
 11869 | D:11     | Reached skill level 5 in Maces & Flails
 11869 | D:11     | Reached skill level 5 in Dodging
 11869 | D:11     | Reached XP level 14. HP: 124/127 MP: 0/14
 12154 | D:11     | Reached skill level 10 in Armour
 12899 | D:12     | Got a masterwork whip
 13154 | D:12     | Identified the +10 whip of Fatigue {elec, Str+3 SInv} (You
                  | found it on level 12 of the Dungeon)
 14178 | D:13     | Reached ****** piety under Wu Jian
 14202 | D:13     | Found a roughly hewn altar of Beogh.
 14628 | D:13     | Found Cazoymukh's Antique Weapon Boutique.
 14677 | D:13     | Bought a warped war axe for 195 gold pieces
 14677 | D:13     | Identified the cursed +0 war axe "Wuideweh" {venom, Str+2
                  | Dex+4} (You bought it in a shop on level 13 of the Dungeon)
 14927 | D:13     | Reached skill level 18 in Axes
 15653 | D:14     | Noticed Rupert
 15657 | D:14     | Got a heavily runed chain mail
 15694 | D:14     | Killed Rupert
 16039 | D:14     | Found Coukuiba's Weapon Shop.
 16081 | D:14     | Identified the +6 chain mail of Courage {Harm} (You found
                  | it on level 14 of the Dungeon)
 16114 | D:14     | Identified the +1 tower shield "Begaa" {rF+}
 16114 | D:14     | Noticed Louise
 16118 | D:14     | Cast into level 3 of the Abyss (Louise)
 16192 | Abyss:3  | Noticed a daeva
 16229 | Abyss:3  | HP: 1/133 [thrashing horror (8)]
 16230 | Abyss:3  | Mangled by a thrashing horror

Illustrated notes

Levels and vault maps discovered:
D:1:      evilmike_arrival_plus, layout_rooms
D:2:      layout_basic
D:3:      minmay_chambers_of_threes, layout_loops_ring,
          yredelemnul_forgotten_temple_becter, amethyst_overflow_temple_binary,
          kennysheep_vampire_church, uniq_robin
D:4:      layout_rooms, lemuel_doored_altar, kennysheep_mini_moat,
          gammafunk_ghost_necromancy, bloody_trog, uniq_edmund
D:5:      layout_basic, elyvilon_altar_3, grunt_qazlal_sundering,
          chequers_garden
D:6:      layout_loops_ring, overflow_temple_1_default, basic_altar
D:7:      layout_basic, temple_fountains, serial_shops, kennysheep_little_box
D:8:      layout_basic, nicolae_ru_the_path_less_chosen,
          minmay_lair_entry_grove, minmay_evil_grid
D:9:      layout_roguey, old_standard_altar, basic_altar,
          guppyfry_early_elven_hall
D:10:     layout_layer_cave, orc_0_dummy, lemuel_statue_altar
D:11:     layout_loops_corners, enter_bailey_2
D:12:     layout_gridville
D:13:     layout_roguey [special_room_orc], serial_shops, shop_statue,
          drop_trap, eino_house_with_fridge
D:14:     layout_small_grid, hangedman_vaults_entry_quadrant_bands,
          chequers_serial_rivers_large_b, serial_shops, shop, uniq_rupert,
          uniq_louise
Abyss:3:  base: D:11, dshaligram_kb_abyss_rune_zappy_water_cross

Skill      XL: |  1  2  3  4  5  6  7  8  9 10 11 12 13 14 |
---------------+-------------------------------------------+-----
Axes           | 4 5 6 7 9 11 13 15 16 17 18 | 18.3
Armour         | 1 2 3 4 5 6 7 9 10 | 10.6
Fighting       | 3 4 5 6 8 9 11 12 14 | 14.4
Shields        | 2 4 5 6 8 |  8.3
Dodging        | 4 5 6 |  6.1
Maces & Flails | 3 5 |  5.4
Throwing       | 3 |  3.8
Unarmed Combat | 1 3 |  3.3
Spellcasting   | 1 |  1.1
Necromancy     | 1 |  1.2
Evocations     | 1 |  1.5

Action                   |  1- 3 |  4- 6 |  7- 9 | 10-12 | 13-15 || total
-------------------------+-------+-------+-------+-------+-------++-------
Melee: War axe           |    84 |   111 |   329 |   527 |   518 ||  1569
       Headbutt          |    16 |    21 |    67 |    94 |   124 ||   322
Throw: Throwing net      |       |     1 |     1 |     1 |       ||     3
       Boomerang         |       |       |       |     9 |     5 ||    14
Invok: Lunge             |       |       |    41 |    48 |    40 ||   129
       Whirlwind         |       |       |   103 |   243 |   190 ||   536
  Use: Scroll            |     5 |       |    14 |     7 |     5 ||    31
       Potion            |     4 |     1 |     1 |     8 |     8 ||    22
 Stab: Sleeping          |       |       |       |     6 |    14 ||    20
       Invisible         |       |       |       |     3 |     6 ||     9
       Distracted        |       |       |       |     1 |       ||     1
       Paralysed         |       |       |       |       |     4 ||     4
       Petrified         |       |       |       |       |     3 ||     3
Armor: Leather armour    |     9 |       |       |       |       ||     9
       Chain mail        |    40 |    68 |   121 |       |       ||   229
       Plate armour      |       |       |    35 |   204 |       ||   239
       Fire dragon scale |       |       |       |    14 |   120 ||   134
Dodge: Dodged            |    41 |    55 |   156 |   119 |   234 ||   605
Block: Buckler           |       |       |     7 |   143 |   173 ||   323
       Reflection        |       |       |       |     5 |    12 ||    17

Table legend: (Time is in decaauts)
 A = Elapsed time spent in this place.
 B = Non-inter-level travel time spent in this place.
 C = Inter-level travel time spent in this place.
 D = Time resting spent in this place.
 E = Time spent auto-exploring this place.
 F = Levels seen in this place.
 G = Mean time per level.
                   A        B        C        D        E       F      G
               +--------+--------+--------+--------+--------+-----+--------+
         Total |  16146 |  15794 |    352 |    979 |  12312 |  16 | 1009.1 |
       Dungeon |  15391 |  15039 |    352 |    979 |  11878 |  14 | 1099.4 |
         Abyss |    108 |    108 |      0 |      0 |      0 |   1 |  108.0 |
        Bailey |    645 |    645 |      0 |      0 |    434 |   1 |  645.0 |
               +--------+--------+--------+--------+--------+-----+--------+

Top non-repeatable levels by time:
     D:8: 2299 daAuts
    D:13: 2088 daAuts
    D:11: 1495 daAuts
     D:3: 1322 daAuts
    D:10: 1288 daAuts
     D:5: 1205 daAuts
     D:6: 1059 daAuts
     D:7: 919 daAuts
    D:12: 766 daAuts
     D:4: 715 daAuts
     D:9: 697 daAuts
  Bailey: 645 daAuts
     D:1: 581 daAuts
     D:2: 492 daAuts
    D:14: 458 daAuts
